 Dungeon Crawl Stone Soup version 0.29.1-1-gd02db6906a (console) character file.

Game seed: 9280180075764490239

65 om the Sneak (level 4, -1/30 HPs)
             Began as an Octopode Brigand on Oct 18, 2022.
             Slain by a goblin
             ... wielding a +0 club
             ... led by Robin
              (6 damage)
             ... on level 2 of the Dungeon.
             The game lasted 00:04:06 (1319 turns).

om the Sneak (Octopode Brigand)                     Turns: 1319, Time: 00:04:07

Health: -1/30      AC:  1    Str: 12    XL:     4   Next: 14%
Magic:  4/4        EV: 13    Int: 13    God:
Gold:   18         SH:  0    Dex: 13    Spells: 3/3 levels left

rFire   . . .      SeeInvis .   a - +3 dagger
rCold   . . .      Faith    .   (no shield)
rNeg    . . .      Spirit   .   (helmet restricted)
rPois   .          Reflect  .   n - amulet of magic regeneration
rElec   .          Harm     .   h - ring of resist corrosion
rCorr   +          Rampage  .   (no ring)
Will    .....                   (no ring)
Stlth   ++++......              (no ring)
HPRegen 0.10/turn               (no ring)
MPRegen 0.49/turn               (no ring)
                                (no ring)
                                (no ring)

@: about to teleport
A: almost no armour, amphibious, 8 rings, camouflage 1, gelatinous body 1,
(nimble swimmer 1), tentacles
a: no special abilities


You were on level 2 of the Dungeon.
You visited 1 branch of the dungeon, and saw 2 of its levels.

You collected 18 gold pieces.

Inventory:

Hand Weapons
 a - a +3 dagger (weapon)
Missiles
 b - 9 poisoned darts (quivered)
 c - 3 curare-tipped darts
Jewellery
 h - a ring of resist corrosion (left tentacle)
 l - a ring of ice
 n - an amulet of magic regeneration (around mantle)
Scrolls
 k - a scroll of enchant armour
Potions
 f - a potion of attraction
 g - a potion of magic {unknown}
 j - 2 potions of curing
 m - a potion of brilliance {unknown}
 o - a potion of degeneration {unknown}


   Skills:
 + Level 2.4 Fighting
 * Level 2.9 Short Blades
 + Level 2.4 Throwing
 + Level 1.7 Dodging
 + Level 5.8 Stealth


You had 3 spell levels left.
You didn't know any spells.
Your spell library contained the following spells:

 Spells                   Type           Power      Damage    Failure   Level
 Blink                    Tloc           0%         N/A       43%         2
 Lesser Beckoning         Tloc           0%         N/A       67%         3
 Manifold Assault         Tloc           0%         N/A       100%        5


Dungeon Overview and Level Annotations

Branches:
Dungeon (2/15)

Altars:

Annotations:
D:2 Robin


Innate Abilities, Weirdness & Mutations

You cannot wear most types of armour.
You are amphibious.
You can wear up to eight rings at the same time.
Your skin changes colour to match your surroundings (Stealth+).
Your rubbery body absorbs attacks. (AC +1, EV +1)
((You are camouflaged when in or above water. (Stealth+)))
You have tentacles for arms and can constrict up to eight enemies at once.


Message History

You kill the goblin!
Really wriggle into that cloud of poison gas?
Okay, then.
You hit the goblin.
You kill the goblin!
You hit the goblin. You grab the goblin.
The goblin is moderately wounded.
You constrict the goblin. The goblin barely misses you.
You barely miss the goblin.
The goblin is severely wounded.
You constrict the goblin.
You kill the goblin!
The goblin no longer looks unusually strong.
You hit the goblin.
You kill the goblin!
As you read the scroll labelled PIAMUILADD, it crumbles to dust.
It is a scroll of enchant weapon.
Your +2 dagger glows red for a moment.
As you read the scroll labelled UFUONAIDWE, it crumbles to dust.
You feel strangely unstable.
It was a scroll of teleportation.
The goblin misses you.
Robin roars a battlecry!
The goblins go into a battle-frenzy!
Unknown command.
Unknown command.
You miss the goblin. You grab the goblin. You constrict the goblin.
Robin throws the goblin at you! The goblin hits you with a +0 dagger.
* * * LOW HITPOINT WARNING * * *
The goblin is engulfed in poison gas.
The goblin is poisoned.
You kill the goblin!
Unknown command.
You hit the goblin.
You kill the goblin!
Robin throws the goblin at you!
* * * LOW HITPOINT WARNING * * *
The goblin is engulfed in poison gas.
The goblin is poisoned.
The goblin barely misses you.
Unknown command.
The goblin attacks as you move away! The goblin hits you with a +0 club.
You die...

###.## #.#.##...####
..#####+#.###.##
####.☼○.°.☼###.##### #$
..°.°○§.§○#........ #.
#°.○○°§☼.#........ ..
#.☼..°.☼°#........ .
#..§☼§§○°#........ #.
#g☼○.○○§○###......
#.#.#.##@##+###.##.......
#°.°§°°☼)☼.§○##..........
#°○○○##g##########......#
#☼§....g.).gg............
#....###.g.#g..#####.....
#... ###g.g. # #....! #..
##.g.+ #..... #. ..#
....# # ## ...#


You could see Robin and 2 goblins.

Vanquished Creatures
  An adder (D:2)
  A gnoll (D:1)
  A dart slug (D:1)
  An endoplasm (D:1)
  3 giant cockroaches (D:1)
  6 hobgoblins
  3 jackals (D:1)
  A quokka (D:1)
  3 ball pythons
  3 bats
  A frilled lizard (D:2)
  9 goblins (D:2)
  4 kobolds
  5 rats
42 creatures vanquished.

Notes
Turn   | Place    | Note
-------+----------+-------------------------------------------
     0 | D:1      | om the Octopode Brigand began the quest for the Orb.
     0 | D:1      | Reached XP level 1. HP: 14/14 MP: 1/1
    31 | D:1      | Reached XP level 2. HP: 19/19 MP: 2/2
   362 | D:1      | Reached XP level 3. HP: 24/24 MP: 3/3
   410 | D:1      | Found a faded altar of an unknown god.
  1298 | D:2      | Noticed Robin
  1307 | D:2      | Reached XP level 4. HP: 11/30 MP: 4/4
  1319 | D:2      | Slain by a goblin

Illustrated notes

Levels and vault maps discovered:
D:1:      minmay_arrival_checkered_box, layout_basic,
          ebering_ecumenical_altar_rust
D:2:      layout_basic, minmay_misc_feat_hallway, corexii_corridor_pit,
          uniq_robin

Action                   |  1- 3 |  4- 6 || total
-------------------------+-------+-------++-------
Melee: Dagger            |    60 |     7 ||    67
       Constrict         |    14 |     2 ||    16
       Tentacles         |    13 |       ||    13
       Punch             |     1 |       ||     1
  Use: Scroll            |     5 |     2 ||     7
 Stab: Sleeping          |    12 |       ||    12
Armor: Skin              |     5 |       ||     5
Dodge: Dodged            |    28 |     3 ||    31
